 Dungeon Crawl Stone Soup version 0.28.0-47-ge53b351184 (webtiles) character file.

Game seed: 15514915854209184402

383 issech the Cudgeller (level 6, -2/61 HPs)
             Began as a Troll Monk on May 8, 2022.
             Slain by a wyvern (13 damage)
             ... on level 5 of the Dungeon.
             The game lasted 00:09:21 (3648 turns).

issech the Cudgeller (Troll Monk)                   Turns: 3648, Time: 00:09:22

Health: -2/61      AC:  4    Str: 20    XL:     6   Next: 47%
Magic:  5/5        EV: 11    Int:  6    God:
Gold:   168        SH:  0    Dex: 14    Spells: 5/5 levels left

rFire   . . .      SeeInvis .   j - +1 dagger (venom)
rCold   . . .      Faith    .   (no shield)
rNeg    . . .      Spirit   .   b - +0 robe
rPois   .          Reflect  .   (helmet restricted)
rElec   .          Harm     .   (no cloak)
rCorr   .          Rampage  .   (gloves unavailable)
Will    .....                   (boots unavailable)
Stlth   ++........              (no amulet)
HPRegen 1.00/turn               (no ring)
MPRegen 0.09/turn               (no ring)

@: no status effects
A: large, unfitting armour, claws 3, regeneration 1, shaggy fur 1, tough skin 1
a: no special abilities


You were on level 5 of the Dungeon.
You visited 1 branch of the dungeon, and saw 5 of its levels.

You collected 168 gold pieces.

Inventory:

Hand Weapons
 a - a +0 mace
 f - a +0 long sword
 j - a +1 dagger of venom (weapon)
 y - a +0 dire flail
Missiles
 d - 25 sling bullets
 e - 163 stones (quivered)
 n - 66 arrows
 p - 91 bolts
 q - 10 poisoned darts
 x - 2 javelins
Armour
 b - a +0 robe (worn)
Magical Staves
 l - a staff of conjuration
Jewellery
 v - a +6 ring of strength
Scrolls
 c - 2 scrolls of teleportation {unknown}
 g - a scroll of enchant weapon {unknown}
 h - a scroll of fear {unknown}
 i - 6 scrolls of identify {unknown}
 k - a scroll of summoning {unknown}
 o - a scroll of noise {unknown}
 r - a scroll of immolation {unknown}
 s - a scroll of torment {unknown}
 t - a scroll of vulnerability {unknown}
 w - a scroll of enchant armour {unknown}
Potions
 m - 2 potions of resistance {unknown}
 u - 3 potions of attraction {unknown}
 z - a potion of degeneration {unknown}
 A - a potion of might {unknown}


   Skills:
 + Level 3.4 Fighting
 + Level 1.3(1.4) Short Blades
 + Level 0.6(1.1) Long Blades
 + Level 3.7 Maces & Flails
 + Level 1.6 Throwing
 + Level 3.6 Dodging
 + Level 1.8 Stealth


You had 5 spell levels left.
You didn't know any spells.
Your spell library contained the following spells:

 Spells                   Type           Power      Damage    Failure   Level
 Magic Dart               Conj           0%         1d3       45%         1
 Blink                    Tloc           0%         N/A       58%         2
 Call Imp                 Summ           0%         N/A       58%         2
 Mephitic Cloud           Conj/Pois/Air  0%         N/A       83%         3
 Freezing Cloud           Conj/Ice/Air   0%         6-21      100%        5
 Manifold Assault         Tloc           0%         N/A       100%        5
 Simulacrum               Ice/Necr       0%         N/A       100%        6
 Storm Form               Tmut/Air       0%         N/A       100%        7
 Polar Vortex             Ice            0%         N/A       100%        9


Dungeon Overview and Level Annotations

Branches:
Dungeon (5/15)
 Temple: D:4-7

Altars:
Gozag


Innate Abilities, Weirdness & Mutations

You are too large for most types of armour.
You have claws for hands.
Your natural rate of healing is unusually fast.
You are covered in fur. (AC +1)
You have tough skin. (AC +1)


Message History

You see here 13 stones.
Found 13 gold pieces.
You see here 13 stones.
A wyvern comes into view.
There is a stone staircase leading up here.
You climb upwards.
There is a stone staircase leading down here.
There is a stone staircase leading down here.
You climb downwards.
There is a stone staircase leading up here.
The helpless quokka fails to defend itself.
You puncture the quokka!
You kill the quokka!
Found a gold piece.
You now have 168 gold pieces (gained 1).
The wyvern hisses angrily.
The water moccasin hisses angrily.
You hit the wyvern but do no damage.
The wyvern is poisoned.
The wyvern bites you! x2
The wyvern bites you! The wyvern bites you!
* * * LOW HITPOINT WARNING * * *
You closely miss the wyvern.
The wyvern is lightly wounded.
The wyvern closely misses you. The wyvern misses you.
You barely miss the wyvern.
The wyvern is lightly wounded.
The wyvern closely misses you.
You barely miss the wyvern.
The wyvern is lightly wounded.
The wyvern looks more healthy.
The wyvern bites you!
* * * LOW HITPOINT WARNING * * *
The wyvern barely misses you. The wyvern bites you.
* * * LOW HITPOINT WARNING * * *
The wyvern barely misses you.
The wyvern hisses menacingly.
The wyvern closely misses you. The water moccasin misses you.
The wyvern bites you!
You die...

... ...... #. #.##...... #.
###.# .$.... #.# ..#.# ......
#.# #.#.# ###### ##+## #.#
#.#.# .....#########.######.#.#
.....#..........S.....#.#
...............@l.......###
...............#...............
#..<.......#.......########
#........^.#.......#
#.#......#.#.......#
#.#.####.#.#.####### # #.#
#.#.#.# #.####.#.#.#
#......#.#.#


You could see a water moccasin and a wyvern.

Vanquished Creatures
  A necrophage (D:4)
  A scorpion (D:4)
  A jelly (D:3)
  A hound (D:3)
  A centaur skeleton (D:4)
  Terence (D:2)
  7 adders
  An ufetubus (D:4)
  3 dart slugs
  An orc (D:2)
  2 ball pythons (D:2)
  10 endoplasms
  5 goblins
  3 hobgoblins
  4 jackals (D:3)
  2 quokkas
  4 bats
  A frilled lizard (D:3)
  8 kobolds
  4 rats
61 creatures vanquished.

Notes
Turn   | Place    | Note
-------+----------+-------------------------------------------
     0 | D:1      | issech the Troll Monk began the quest for the Orb.
     0 | D:1      | Reached XP level 1. HP: 22/22 MP: 0/0
   404 | D:1      | Reached XP level 2. HP: 29/29 MP: 1/1
   887 | D:2      | Found a faded altar of an unknown god.
   955 | D:2      | Reached XP level 3. HP: 36/36 MP: 2/2
  1030 | D:2      | Noticed Terence
  1049 | D:2      | Killed Terence
  1431 | D:2      | Reached XP level 4. HP: 40/44 MP: 3/3
  1850 | D:3      | Found an opulent altar of Gozag.
  1908 | D:3      | Reached XP level 5. HP: 51/53 MP: 4/4
  2683 | D:4      | Noticed a necrophage
  2702 | D:4      | Killed a necrophage
  2703 | D:4      | Reached skill level 1 in Throwing
  2703 | D:4      | Reached XP level 6. HP: 42/61 MP: 5/5
  2924 | D:4      | Reached skill level 1 in Short Blades
  3515 | D:5      | Entered Level 5 of the Dungeon
  3518 | D:5      | Noticed a water moccasin
  3521 | D:5      | Noticed a wyvern
  3648 | D:5      | Slain by a wyvern

Illustrated notes

Levels and vault maps discovered:
D:1:      dpeg_arrival_court, layout_basic
D:2:      layout_loops_cross, ebering_ecumenical_altar_abandoned,
          hangedman_decor_opposing, minmay_misc_feat_iff, uniq_terence
D:3:      layout_loops_ring, nicolae_gozag_cash_rules_everything_around_me,
          chequers_jeans
D:4:      layout_basic, minmay_misc_feat_five
D:5:      layout_basic

Skill      XL: |  1  2  3  4  5  6 |
---------------+-------------------+-----
Maces & Flails | 3 |  3.7
Fighting       | 3 |  3.4
Dodging        | 3 |  3.6
Throwing       | 1 |  1.6
Short Blades   | 1 |  1.3
Long Blades    | |  0.6
Stealth        | |  1.8

Action                   |  1- 3 |  4- 6 || total
-------------------------+-------+-------++-------
Melee: Mace              |     9 |       ||     9
       Long sword        |     7 |       ||     7
       Dagger            |    56 |   122 ||   178
       Punch             |     1 |     5 ||     6
Throw: Stone             |    11 |    20 ||    31
 Stab: Sleeping          |     2 |     1 ||     3
Armor: Robe              |    18 |    44 ||    62
Dodge: Dodged            |    25 |    95 ||   120
